[Event "Titled Tuesday Blitz December 7 2021"]
[White "Shyaamnikhil P"]
[Black "Horvath, Dominik"]
[WhiteFideId "5024218"]
[BlackFideId "1642561"]
[WhiteElo "2300"]
[BlackElo "2336"]
[Result "1/2-1/2"]
[Round "04"]
[TimeControl "180+1"]
[Date "2021.12.07"]
[WhiteClock "0:00:06"]
[BlackClock "0:00:15"]

1. e3 e5 2. c4 Nf6 3. g4 d5 4. g5 Ne4 5. cxd5 Qxd5 6. Bg2 Nc6 7. a3 Bf5 8. Nc3 Nxc3 9. Bxd5 Nxd1 10. Kxd1 O-O-O 11. Bg2 e4 12. f4 exf3 13. Nxf3 h6 14. h4 hxg5 15. hxg5 Rxh1+ 16. Bxh1 Bd3 17. b4 Be7 18. Bb2 f6 19. gxf6 Bxf6 20. Bxf6 gxf6 21. Ke1 Ne5 22. Nxe5 fxe5 23. Bf3 Rh8 24. Kf2 Rf8 25. Kg3 e4 26. Bg4+ Kb8 27. Rh1 a6 28. Kg2 Ka7 29. Rh7 Kb6 30. Rh6+ Kb5 31. Rh7 Kb6 32. Rh6+ Ka7 33. Rh7 c6 34. Bd7 Kb6 35. Be6 Rb8 36. Rh5 Re8 37. Bf7 Rf8 38. Rh7 a5 39. bxa5+ Kxa5 40. Be6 b5 41. Ra7+ Kb6 42. Re7 Rf1 43. Bd7 Rd1 44. Re6 Rxd2+ 45. Kg3 Rc2 46. Kf4 Rc3 47. Be8 Kb7 48. Re7+ Kb6 49. Re6 Kc7 50. Ke5 Rc5+ 51. Kd4 Rd5+ 52. Kc3 Rd6 53. Rxd6 Kxd6 54. Kb4 c5+ 55. Ka5 c4 56. Kb4 c3 57. Kxc3 Kc5 58. Bf7 Bf1 59. Bg6 Be2 60. Bxe4 Bc4 61. Bd3 Bg8 62. Be2 Be6 63. Bd3 Bf7 64. Bc2 Be6 65. Bd3 Bf7 66. Be4 Be6 67. Bc2 Bf7 68. Bb3 Bg6 69. Bc2 Bf7 70. Bd3 Be6 71. Bc2 Bf7 1/2-1/2


[Site "https://www.chess.com"]

[Event "Titled Tuesday Blitz December 7 2021"]
[White "Siddharth, Jagadeesh"]
[Black "Guliev, Logman"]
[WhiteFideId "5818320"]
[BlackFideId "13400061"]
[WhiteElo "2127"]
[BlackElo "2128"]
[Result "0-1"]
[Round "04"]
[TimeControl "180+1"]
[Date "2021.12.07"]
[WhiteClock "0:00:06"]
[BlackClock "0:00:06"]

1. e4 c5 2. Nf3 d6 3. d4 cxd4 4. Nxd4 Nf6 5. Nc3 a6 6. Qd3 Nbd7 7. a4 Nc5 8. Qe3 g6 9. Be2 Bg7 10. O-O O-O 11. Rd1 Bg4 12. Bxg4 Nxg4 13. Qe2 h5 14. Nd5 e6 15. Ne3 Nxe3 16. Qxe3 Rc8 17. b3 d5 18. exd5 exd5 19. Bb2 Re8 20. Qf3 Ne4 21. Rac1 Qg5 22. h3 h4 23. Qd3 Qf4 24. Qf3 Qxf3 25. gxf3 Ng5 26. Kg2 Ne6 27. Nxe6 Bxb2 28. Rb1 Rxc2 29. Nf4 d4 30. Rd3 g5 31. Nd5 Ree2 32. Rf1 Kg7 33. Rdd1 Rcd2 34. Rb1 d3 35. Nb4 Bd4 36. Kh1 Rxf2 37. Rxf2 Bxf2 38. Nd5 Bg3 39. Rf1 Rh2+ 40. Kg1 Rxh3 41. Ne3 Kg6 42. Ng4 Bf4 43. Kg2 Rg3+ 44. Kf2 d2 45. Rd1 h3 46. Ne3 h2 47. Ng2 f5 48. Rh1 Rh3 49. Ke2 d1=Q+ 50. Kxd1 Rxf3 51. Ke2 Rxb3 52. Nxf4+ gxf4 53. Kf2 Rb2+ 54. Kf3 Kg5 55. a5 Ra2 56. Rxh2 Ra3+ 57. Kf2 Rxa5 58. Rh7 Ra2+ 59. Kf3 Ra3+ 60. Kf2 Rb3 61. Rh2 Kf6 62. Rh6+ Ke5 63. Rh7 a5 64. Re7+ Kd4 65. Rf7 Ke5 66. Re7+ Kf6 67. Re2 a4 68. Ra2 a3 69. Ra1 Rb2+ 70. Kf3 a2 71. Kxf4 b5 72. Kf3 b4 73. Kf4 b3 74. Re1 Rb1 75. Re2 a1=Q 76. Kf3 Rf1+ 77. Kg2 Rg1+ 78. Kf3 Qf1+ 79. Ke3 Rg3+ 80. Kd2 Qf4+ 81. Kd1 Qd4+ 82. Ke1 Rg1# 0-1


[Site "https://www.chess.com"]

[Event "Titled Tuesday Blitz December 7 2021"]
[White "Silva Lucena, Cristian"]
[Black "Ceres, Dragos"]
[WhiteFideId "2232588"]
[BlackFideId "13905864"]
[WhiteElo "2223"]
[BlackElo "2094"]
[Result "0-1"]
[Round "04"]
[TimeControl "180+1"]
[Date "2021.12.07"]
[WhiteClock "0:00:01"]
[BlackClock "0:00:05"]

1. c4 e5 2. Nf3 Nc6 3. Nc3 Nf6 4. e4 Bb4 5. d3 d6 6. Be2 Bxc3+ 7. bxc3 a6 8. O-O O-O 9. Ne1 b5 10. cxb5 axb5 11. f4 exf4 12. Bxf4 Nd7 13. Nc2 Ra5 14. Ne3 Nc5 15. Qc2 Re8 16. Bf3 Ne5 17. Be2 Ng6 18. Bg3 Bb7 19. Nf5 f6 20. h4 Ne5 21. h5 Nexd3 22. Bxd3 Nxd3 23. Qxd3 Bxe4 24. Qd1 b4 25. cxb4 Rxf5 26. Rxf5 Bxf5 27. a4 Qb8 28. Qd4 Qb7 29. a5 Re4 30. a6 Qa8 31. Qf2 Bc8 32. b5 Bd7 33. b6 cxb6 34. Qxb6 Bc6 35. a7 Re8 36. Bxd6 Qb7 37. Qxb7 Bxb7 38. Rb1 Ba8 39. Rb8 Kf7 40. Kf2 Rg8 41. g4 Re8 42. Kg3 Bd5 43. Rxe8 Kxe8 44. Kf4 Kf7 45. Kf5 g6+ 46. Kf4 Ke6 47. Bb8 g5+ 0-1


[Site "https://www.chess.com"]

[Event "Titled Tuesday Blitz December 7 2021"]
[White "Skatchkov, Valery"]
[Black "Samadov, Read"]
[WhiteFideId "24195812"]
[BlackFideId "13417444"]
[WhiteElo "2195"]
[BlackElo "2084"]
[Result "0-1"]
[Round "04"]
[TimeControl "180+1"]
[Date "2021.12.07"]
[WhiteClock "0:00:09"]
[BlackClock "0:01:36"]

1. d4 Nf6 2. c4 g6 3. Nf3 Bg7 4. g3 O-O 5. Bg2 d5 6. cxd5 Nxd5 7. O-O Nb6 8. Nc3 Nc6 9. e3 a5 10. Re1 Re8 11. h3 a4 12. Qd3 e5 13. d5 Nb4 14. Qd2 e4 15. Nh2 Nd3 16. Rd1 f5 17. f3 Nxd5 18. fxe4 Nxc3 19. bxc3 fxe4 20. Ba3 Qg5 21. g4 Bxc3 22. Qxc3 Qxe3+ 0-1


[Site "https://www.chess.com"]

[Event "Titled Tuesday Blitz December 7 2021"]
[White "Sokolin, Leonid"]
[Black "Shkapenko, Pavel"]
[WhiteFideId "2009161"]
[BlackFideId "4151933"]
[WhiteElo "2394"]
[BlackElo "2386"]
[Result "1/2-1/2"]
[Round "04"]
[TimeControl "180+1"]
[Date "2021.12.07"]
[WhiteClock "0:00:02"]
[BlackClock "0:00:06"]

1. e4 e5 2. Nf3 Nc6 3. Nc3 Nf6 4. Bb5 Nd4 5. Nxe5 Qe7 6. Nf3 Nxb5 7. Nxb5 Qxe4+ 8. Qe2 Qxe2+ 9. Kxe2 Kd8 10. Ng5 a6 11. Nxf7+ Ke7 12. Nxc7 Kxf7 13. Nxa8 Bc5 14. d4 Ba7 15. Bf4 d5 16. Nc7 Bf5 17. f3 Rc8 18. c3 Bb8 19. Nxd5 Nxd5 20. Bxb8 Rxb8 21. Kd2 b5 22. Rhe1 Nb6 23. b3 Kf6 24. Rad1 Rc8 25. Re5 Be6 26. Rde1 Bf7 27. Rc5 Rxc5 28. dxc5 Nd5 29. c6 Be6 30. c4 bxc4 31. bxc4 Ne7 32. Kc3 Nxc6 33. f4 g6 34. h3 Ke7 35. g4 Kd6 36. Re4 Bf7 37. f5 gxf5 38. gxf5 Ne7 39. f6 Nc6 40. Rh4 Bg6 41. f7 Ke7 42. Rf4 Bxf7 43. Rf5 Bg6 44. Rf4 Ke6 45. h4 Bf5 46. c5 Ke5 47. Ra4 a5 48. Kc4 Bd7 49. Ra3 Ke4 50. Rg3 Ne5+ 51. Kc3 Kd5 52. Rg5 h6 53. Rh5 Bg4 54. Rxh6 Kxc5 55. Ra6 Nc6 56. Ra8 Nb4 57. a3 Nd5+ 58. Kd3 Bf5+ 59. Kd2 Kb6 60. Rd8 Ne7 61. h5 Kc7 62. Ra8 Kd6 63. Rxa5 Ke6 64. Ke3 Kf6 65. Kf4 Be6 66. Ra6 Nd5+ 67. Kg3 Ke5 68. Kh4 Nf6 69. Kg5 Ne4+ 70. Kg6 Bf5+ 71. Kg7 Ng3 72. h6 Nh5+ 73. Kf7 Nf4 74. Ra5+ Nd5 75. Kg7 Ke4 76. h7 Bxh7 77. Kxh7 Kd4 78. a4 Nb6 79. Ra6 Kc5 1/2-1/2


[Site "https://www.chess.com"]

[Event "Titled Tuesday Blitz December 7 2021"]
[White "Solon, Nathan"]
[Black "Zierk, Steven"]
[WhiteFideId "2017229"]
[BlackFideId "2034255"]
[WhiteElo "2559"]
[BlackElo "2494"]
[Result "1/2-1/2"]
[Round "04"]
[TimeControl "180+1"]
[Date "2021.12.07"]
[WhiteClock "0:00:17"]
[BlackClock "0:00:03"]

1. d4 d5 2. c4 dxc4 3. Nf3 Nf6 4. e3 e6 5. Bxc4 c5 6. O-O Nc6 7. Nc3 Be7 8. dxc5 Qxd1 9. Rxd1 Bxc5 10. a3 O-O 11. b4 Be7 12. Bb2 Bd7 13. Nb5 a6 14. Nd6 b5 15. Be2 Nd5 16. Ne4 Rfd8 17. Rac1 Be8 18. Nc5 Nb6 19. Nd4 Bf6 20. Nxc6 Rxd1+ 21. Rxd1 Bxb2 22. Rd8 Rxd8 23. Nxd8 Bxa3 24. Nxa6 Nd5 25. Nb7 Nc3 26. Bd3 Kf8 27. Nc7 Bd7 28. Nd6 Bxb4 29. Ndxb5 Nxb5 30. Nxb5 e5 31. Nc7 Bc6 32. Bb5 Bb7 33. Bc4 Ba5 34. Bd5 Bc8 35. Nb5 Bb4 36. e4 Ke7 37. g3 f6 38. Kg2 Kd7 39. Na7 Ba6 40. Nc6 Bd6 41. Na5 Bc5 42. Nc4 Ke7 43. Kf3 g6 44. Ne3 h5 45. h4 Bd4 46. Nc4 Bc8 47. Ne3 Bd7 48. Nc4 Bg4+ 49. Kg2 Be2 50. Ne3 Bd3 51. Kf3 f5 52. exf5 gxf5 53. Nc4 Kf6 54. Ne3 Bb5 55. Kg2 Be2 56. Bf3 Bxf3+ 57. Kxf3 Ke6 58. Ke2 e4 59. Ng2 Be5 60. Ke3 Kf7 61. Ke2 Kf6 62. Ke3 Kf7 63. Ke2 Bb8 64. Ke3 Bc7 65. Ke2 Be5 66. Ke3 Bd6 67. Kd4 Bb8 68. Ke3 Ba7+ 69. Ke2 Bb8 70. Ke3 1/2-1/2


[Site "https://www.chess.com"]

[Event "Titled Tuesday Blitz December 7 2021"]
[White "Svane, Frederik"]
[Black "Koellner, Ruben Gideon"]
[WhiteFideId "12923044"]
[BlackFideId "12993093"]
[WhiteElo "2459"]
[BlackElo "2553"]
[Result "0-1"]
[Round "04"]
[TimeControl "180+1"]
[Date "2021.12.07"]
[WhiteClock "0:00:02"]
[BlackClock "0:01:49"]

1. e4 d6 2. d4 Nf6 3. Bd3 e5 4. c3 Nbd7 5. Nf3 d5 6. dxe5 dxe4 7. exf6 exf3 8. Qxf3 Ne5 9. Qe4 Qxd3 10. Qxe5+ Be6 11. fxg7 O-O-O 12. Nd2 Bxg7 13. Qxg7 Rhg8 14. Qf6 Bg4 15. f3 Rde8+ 16. Kf2 Qe2+ 17. Kg1 Qe3+ 18. Kf1 Qe1# 0-1


[Site "https://www.chess.com"]

[Event "Titled Tuesday Blitz December 7 2021"]
[White "Terletsky, Oleg"]
[Black "Kalogeris, Ioannis"]
[WhiteFideId "14116774"]
[BlackFideId "4239563"]
[WhiteElo "2055"]
[BlackElo "2287"]
[Result "0-1"]
[Round "04"]
[TimeControl "180+1"]
[Date "2021.12.07"]
[WhiteClock "0:01:07"]
[BlackClock "0:00:36"]

1. e4 e5 2. Nf3 Nc6 3. Nc3 Nf6 4. d4 exd4 5. Nxd4 Bb4 6. Nxc6 bxc6 7. Bd3 d5 8. exd5 cxd5 9. O-O O-O 10. Bg5 c6 11. Qf3 h6 12. Bxf6 Qxf6 13. Qxf6 gxf6 14. Ne2 Rb8 15. Ng3 Bd6 16. b3 Be5 17. Rae1 Bc3 18. Re7 a5 19. a4 Be6 20. Nf5 Bb4 21. Rc7 Bxf5 22. Bxf5 c5 23. Rd1 Rfd8 24. Rc6 Kg7 25. Rd3 Re8 26. Rg3+ Kf8 27. h4 Re1+ 28. Kh2 Bd2 29. Rd3 Bf4+ 30. g3 Be5 31. Rxd5 Re2 32. Bd3 Rxf2+ 33. Kg1 Bxg3 34. Rcxc5 Re8 0-1


[Site "https://www.chess.com"]

[Event "Titled Tuesday Blitz December 7 2021"]
[White "Terry, Renato"]
[Black "Rakhmanov, Aleksandr"]
[WhiteFideId "3803457"]
[BlackFideId "4173708"]
[WhiteElo "2577"]
[BlackElo "2500"]
[Result "0-1"]
[Round "04"]
[TimeControl "180+1"]
[Date "2021.12.07"]
[WhiteClock "0:00:02"]
[BlackClock "0:00:02"]

1. d4 Nf6 2. Bg5 Ne4 3. Bf4 d6 4. f3 Nf6 5. e4 e5 6. dxe5 Nh5 7. Be3 dxe5 8. Qxd8+ Kxd8 9. Bc4 Ke8 10. Nc3 c6 11. O-O-O Nd7 12. Kb1 b5 13. Nxb5 cxb5 14. Bd5 Rb8 15. Bxa7 Nhf6 16. Bxb8 Nxb8 17. Ne2 Bc5 18. Bb3 Nbd7 19. a3 Ke7 20. g4 Nb6 21. h4 Bd7 22. Rd3 h5 23. g5 Ne8 24. Rhd1 Nc7 25. Bxf7 b4 26. axb4 Bxb4 27. Bb3 Bb5 28. c4 Bc6 29. Nc3 Nd7 30. Nd5+ Bxd5 31. exd5 Kd6 32. Re3 Rf8 33. Rh1 Rf4 34. Bc2 Nc5 35. Bg6 N7a6 36. Bxh5 Rxc4 37. Bg6 Rd4 38. h5 Bd2 39. Re2 Bxg5 40. Rg2 Bh6 41. Bc2 Nb4 42. Rg6+ Ke7 43. Re1 Rxd5 44. Be4 Nxe4 45. fxe4 Rb5 46. Rd1 Rb7 47. Rgd6 Be3 48. Rg6 Kf7 49. Rgd6 Bd4 50. Rf1+ Kg8 51. Rd1 Kh7 52. Rd2 Ra7 53. Rg2 Na6 54. h6 gxh6 55. Rh2 Be3 56. Rc2 Nb4 57. Rc3 Rg7 0-1


[Site "https://www.chess.com"]

[Event "Titled Tuesday Blitz December 7 2021"]
[White "Thomas, Anysia"]
[Black "Yurovskykh, Oleksandr"]
[WhiteFideId "670472"]
[BlackFideId "14134020"]
[WhiteElo "2002"]
[BlackElo "2292"]
[Result "0-1"]
[Round "04"]
[TimeControl "180+1"]
[Date "2021.12.07"]
[WhiteClock "0:00:03"]
[BlackClock "0:00:34"]

1. d4 d5 2. c4 dxc4 3. Nf3 Nf6 4. Nc3 a6 5. g3 b5 6. Bg2 Bb7 7. O-O e6 8. a4 c6 9. Ne5 Qb6 10. e4 Nbd7 11. Nxd7 Nxd7 12. d5 cxd5 13. exd5 e5 14. Be3 Bc5 15. Qg4 g6 16. Bh6 f5 17. Qg5 Kf7 18. Rae1 Rhe8 19. Kh1 b4 20. Nd1 Nf6 21. Qc1 Ng4 22. Be3 Nxe3 23. Nxe3 Bxe3 24. Rxe3 Rac8 25. Qe1 e4 26. f3 exf3 27. Rfxf3 Bxd5 28. Rxe8 Rxe8 29. Re3 Bxg2+ 30. Kxg2 Qxe3 31. Qxe3 Rxe3 32. Kf2 Rb3 0-1


[Site "https://www.chess.com"]

[Event "Titled Tuesday Blitz December 7 2021"]
[White "Tologon tegin, Semetei"]
[Black "Matveeva, Olga"]
[WhiteFideId "13800574"]
[BlackFideId "24107018"]
[WhiteElo "2224"]
[BlackElo "2083"]
[Result "1-0"]
[Round "04"]
[TimeControl "180+1"]
[Date "2021.12.07"]
[WhiteClock "0:00:30"]
[BlackClock "0:00:13"]

1. d4 d5 2. Nc3 Nf6 3. Bf4 e6 4. Nb5 Na6 5. e3 Be7 6. a3 O-O 7. c4 c6 8. Nc3 Nc7 9. Nf3 b6 10. Rc1 Bb7 11. h3 Rc8 12. Bd3 dxc4 13. Bxc4 Ncd5 14. Be5 c5 15. O-O cxd4 16. Qxd4 Nxc3 17. Rxc3 Qxd4 18. Nxd4 Ne4 19. Rc2 Rfd8 20. Rfc1 Kf8 21. b4 Bf6 22. Bxf6 Nxf6 23. Bxe6 Rxc2 24. Rxc2 fxe6 25. Nxe6+ Ke7 26. Nxd8 Kxd8 27. f3 Kd7 28. e4 Kd6 29. Kf2 Nd7 30. Ke3 Ne5 31. f4 Nd7 32. g4 b5 33. Rd2+ Ke7 34. Rc2 Kd6 35. Kd4 Nb6 36. Rc5 a6 37. e5+ Kd7 38. f5 Nc4 39. f6 gxf6 40. exf6 Ke6 41. Rc7 1-0


[Site "https://www.chess.com"]

[Event "Titled Tuesday Blitz December 7 2021"]
[White "Tomaszewski, Kacper"]
[Black "Zarubitski, Viachaslau"]
[WhiteFideId "1127373"]
[BlackFideId "13509373"]
[WhiteElo "2153"]
[BlackElo "2325"]
[Result "0-1"]
[Round "04"]
[TimeControl "180+1"]
[Date "2021.12.07"]
[WhiteClock "0:01:00"]
[BlackClock "0:01:44"]

1. Nf3 Nf6 2. g3 d6 3. Bg2 e5 4. d4 exd4 5. Nxd4 Be7 6. O-O O-O 7. Nc3 c6 8. e4 Re8 9. h3 Nbd7 10. Kh2 Bf8 11. Nb3 Qc7 12. Bf4 Ne5 13. Nd2 b5 14. a3 h6 15. Be3 Rb8 16. Kh1 a5 17. f4 Ned7 18. Qf3 b4 19. axb4 axb4 20. Ra7 Rb7 21. Rxb7 Bxb7 22. Ne2 c5 23. g4 Nxe4 24. Nxe4 Bxe4 25. Qxe4 Rxe4 26. Bxe4 Nf6 27. Bg2 Qe7 28. Rf3 Nd5 0-1


[Site "https://www.chess.com"]

[Event "Titled Tuesday Blitz December 7 2021"]
[White "Vakhlamov, Igor L."]
[Black "Koutlas, Nikolaos"]
[WhiteFideId "24126748"]
[BlackFideId "25827138"]
[WhiteElo "2416"]
[BlackElo "1525"]
[Result "0-1"]
[Round "04"]
[TimeControl "180+1"]
[Date "2021.12.07"]
[WhiteClock "0:00:08"]
[BlackClock "0:00:07"]

1. e4 c5 2. Nf3 d6 3. Nc3 Nc6 4. Bb5 Nf6 5. e5 dxe5 6. Nxe5 Qc7 7. Nxc6 bxc6 8. Qf3 Bd7 9. Bc4 Bg4 10. Qg3 Qd7 11. O-O e6 12. h3 Bd6 13. Qh4 Bf5 14. d3 Rb8 15. Re1 O-O 16. b3 Bc7 17. Bf4 h6 18. Bxc7 Qxc7 19. Ne4 Nd5 20. Nxc5 Kh7 21. a3 g5 22. Qg3 Qe7 23. Bxd5 cxd5 24. b4 a5 25. Qe5 Qa7 26. c3 Bg6 27. Qf6 axb4 28. axb4 Qc7 29. Na6 Qd8 30. Qd4 Rb6 31. Nc5 Re8 32. Ra7 Qb8 33. Nxe6 Rexe6 34. Rea1 Rf6 35. g3 Rbe6 36. Qxd5 Qe5 37. Qd8 Qf5 38. Ra8 Qxf2+ 39. Kh1 Qf3+ 40. Kg1 Qf2+ 41. Kh1 Qf3+ 42. Kg1 Qxg3+ 43. Kh1 Qxh3+ 44. Kg1 Qg4+ 45. Kh1 Be4+ 46. dxe4 Qxe4+ 47. Kg1 Qe3+ 48. Kh1 Kg6 49. Qd1 Rf4 50. Rg8+ Kh7 51. Raa8 Qh3+ 52. Kg1 Rg4+ 53. Kf2 Rf6+ 54. Ke2 Re4+ 55. Kd2 Rd6+ 56. Kc1 Rxd1+ 57. Kxd1 Qd3+ 58. Kc1 Qxc3+ 59. Kd1 Re1# 0-1


[Site "https://www.chess.com"]

[Event "Titled Tuesday Blitz December 7 2021"]
[White "Villalba, Marcelo"]
[Black "Macovei, Andrei"]
[WhiteFideId "3701859"]
[BlackFideId "13904680"]
[WhiteElo "2160"]
[BlackElo "2410"]
[Result "0-1"]
[Round "04"]
[TimeControl "180+1"]
[Date "2021.12.07"]
[WhiteClock "0:00:03"]
[BlackClock "0:00:16"]

1. e4 g6 2. d4 Bg7 3. Ne2 d6 4. f3 Nf6 5. Be3 O-O 6. c4 e5 7. Nbc3 a5 8. d5 h5 9. Qd2 Na6 10. O-O-O Nc5 11. Kb1 Nfd7 12. h3 h4 13. Bg5 Bf6 14. Bh6 Nb6 15. Nc1 Re8 16. Be3 a4 17. Qc2 Bg5 18. Bf2 Bd7 19. Nd3 Nxd3 20. Bxd3 Ra5 21. Nb5 Bc8 22. Qc3 Ra8 23. c5 dxc5 24. Qxc5 c6 25. dxc6 bxc6 26. Qxc6 Bd7 27. Qxb6 Qxb6 28. Bxb6 Rab8 29. Nc7 Rxb6 30. Nxe8 Bxe8 31. Bc4 Bc6 32. b3 Kg7 33. Kc2 Be3 34. Rd6 Bc5 35. Rd8 Bd4 36. Rd1 Kf6 37. Rf8 Rb7 38. Rc8 Bd7 39. Rd8 axb3+ 40. Bxb3 Rc7+ 41. Kb1 Bb5 42. f4 Be3 43. fxe5+ Kg7 44. R8d6 Bf4 45. R6d5 Be2 46. Re1 Ba6 47. e6 fxe6 48. Ra5 Bd3+ 49. Kb2 Bd2 50. Rd1 Bc3+ 51. Ka3 Bxe4 52. Re5 Ra7+ 53. Ba4 Bxe5 0-1


[Site "https://www.chess.com"]

[Event "Titled Tuesday Blitz December 7 2021"]
[White "Vlassov, Nikolai"]
[Black "Svane, Rasmus"]
[WhiteFideId "4103360"]
[BlackFideId "4657101"]
[WhiteElo "2407"]
[BlackElo "2643"]
[Result "0-1"]
[Round "04"]
[TimeControl "180+1"]
[Date "2021.12.07"]
[WhiteClock "0:01:07"]
[BlackClock "0:01:32"]

1. e4 c6 2. d4 d5 3. e5 Bf5 4. Nc3 e6 5. g4 Bg6 6. Nge2 c5 7. Be3 Nc6 8. dxc5 h5 9. Nf4 Bh7 10. Bb5 hxg4 11. Qxg4 Bxc2 12. Nfe2 Bf5 13. Qa4 Qc7 14. Nd4 Ne7 15. O-O-O O-O-O 16. f4 Nxd4 17. Bxd4 a6 18. Be2 Nc6 19. Bf2 d4 20. Bxd4 Nxd4 21. Rxd4 Bxc5 22. Rxd8+ Rxd8 0-1


[Site "https://www.chess.com"]

[Event "Titled Tuesday Blitz December 7 2021"]
[White "Volkov, Maksim"]
[Black "Gabrielian, Artur"]
[WhiteFideId "54123070"]
[BlackFideId "4131002"]
[WhiteElo "2081"]
[BlackElo "2440"]
[Result "1-0"]
[Round "04"]
[TimeControl "180+1"]
[Date "2021.12.07"]
[WhiteClock "0:01:02"]
[BlackClock "0:01:28"]

1. d4 Nf6 2. c4 c5 3. d5 e6 4. g3 exd5 5. cxd5 d6 6. Nc3 g6 7. Nf3 Bg7 8. Bg2 O-O 9. O-O Re8 10. Bf4 Bf5 11. Nd2 Nh5 12. e4 Nxf4 13. gxf4 Bc8 14. a4 Qh4 15. Nc4 Qxf4 16. Ne2 Qf6 17. Qd3 Nd7 18. f4 Nb6 19. e5 Bf5 20. Qc3 Qd8 21. Nxd6 Qxd6 22. exd6 Rxe2 23. Qxc5 Rc8 24. Qb4 Rcc2 25. Bf3 Rf2 26. Rxf2 Rc4 27. Qb3 Bd4 28. a5 Rc2 29. Qxc2 Bxc2 30. axb6 1-0


[Site "https://www.chess.com"]

[Event "Titled Tuesday Blitz December 7 2021"]
[White "Willow, Jonah B"]
[Black "Papasimakopoulos, Alexandros"]
[WhiteFideId "438804"]
[BlackFideId "4244125"]
[WhiteElo "2261"]
[BlackElo "2394"]
[Result "1-0"]
[Round "04"]
[TimeControl "180+1"]
[Date "2021.12.07"]
[WhiteClock "0:00:35"]
[BlackClock "0:00:11"]

1. e4 e6 2. d4 d5 3. Nd2 Nf6 4. e5 Nfd7 5. c3 c5 6. f4 Nc6 7. Ndf3 cxd4 8. cxd4 a5 9. Bd3 a4 10. a3 Nb6 11. Ne2 g6 12. O-O Na5 13. Nc3 Bd7 14. Kh1 Nb3 15. Rb1 Bc6 16. Bc2 Nxc1 17. Rxc1 Be7 18. Qe2 Nc4 19. Bd3 b5 20. Nd1 Qb6 21. Nf2 h5 22. Nh3 b4 23. axb4 Qxb4 24. Rc2 Bb5 25. Rfc1 Kf8 26. Nhg5 Kg7 27. Nh4 a3 28. bxa3 Rxa3 29. Nxf7 Bxh4 30. Nxh8 Kxh8 31. Bxg6 Kg7 32. Qxh5 Qe7 33. Qh7+ Kf8 34. Qh8# 1-0


[Site "https://www.chess.com"]

[Event "Titled Tuesday Blitz December 7 2021"]
[White "Yang, Kaiqi"]
[Black "Faizrakhmanov, Ramil"]
[WhiteFideId "8604398"]
[BlackFideId "24103209"]
[WhiteElo "2373"]
[BlackElo "2396"]
[Result "0-1"]
[Round "04"]
[TimeControl "180+1"]
[Date "2021.12.07"]
[WhiteClock "0:00:03"]
[BlackClock "0:00:20"]

1. e4 c5 2. Nf3 d6 3. Bb5+ Nd7 4. a4 Nf6 5. Nc3 a6 6. Be2 g6 7. O-O Bg7 8. d3 O-O 9. Qd2 b6 10. Qg5 Bb7 11. Qh4 h5 12. Bg5 Bc6 13. Nd2 b5 14. f4 c4 15. f5 b4 16. Nd1 cxd3 17. cxd3 Qb6+ 18. Be3 Qb7 19. Nc4 a5 20. Nf2 d5 21. Nd2 dxe4 22. dxe4 Ne5 23. Nc4 Nxe4 24. Nxe4 Bxe4 25. Rf2 Nd3 26. Bxd3 Bxd3 27. fxg6 Bxg6 28. Raf1 Rad8 29. Qg3 Rd3 30. Ne5 Bxe5 31. Qxe5 Qe4 32. Qxe4 Bxe4 33. Bh6 Bg6 34. Bxf8 Kxf8 35. Re1 Rd5 36. Rfe2 e6 37. Kf2 b3 38. Ke3 Rd3+ 39. Kf2 Rd4 40. Ke3 Rxa4 41. Rd2 Re4+ 42. Kf2 Rc4 43. Ke3 a4 44. Ra1 Kg7 45. g3 Kf6 46. Rd4 Rc2 47. Raxa4 Rxb2 48. Rab4 Rb1 49. h4 b2 50. Kd2 Rg1 51. Rxb2 Rg2+ 52. Kc3 Rxg3+ 53. Kd2 Rg2+ 54. Kc3 Rxb2 55. Kxb2 Ke5 56. Kc3 f5 57. Ra4 f4 58. Kd2 Be4 59. Ke2 Bd5 60. Kf2 Kf5 61. Ra5 Kg4 62. Ra8 Kxh4 63. Rg8 e5 64. Rg7 e4 65. Ke2 e3 66. Rg8 Bxg8 0-1


[Site "https://www.chess.com"]

[Event "Titled Tuesday Blitz December 7 2021"]
[White "Yilmaz, Mustafa"]
[Black "Shipov, Sergei"]
[WhiteFideId "6302718"]
[BlackFideId "4113624"]
[WhiteElo "2568"]
[BlackElo "2763"]
[Result "1-0"]
[Round "04"]
[TimeControl "180+1"]
[Date "2021.12.07"]
[WhiteClock "0:00:19"]
[BlackClock "0:00:18"]

1. d4 d5 2. c4 dxc4 3. Nf3 Nf6 4. e3 e6 5. Bxc4 c5 6. O-O a6 7. Re1 b5 8. Bf1 Bb7 9. a4 b4 10. Nbd2 Be7 11. Nc4 O-O 12. a5 Nbd7 13. b3 cxd4 14. Nxd4 Nd5 15. Bb2 Rc8 16. Rc1 Nc5 17. e4 Nc3 18. Bxc3 bxc3 19. e5 Nd7 20. Re3 Bg5 21. Rcxc3 Bxe3 22. Rxe3 Rc5 23. Qg4 Rd5 24. Nf3 h6 25. h4 Rd1 26. Nd4 Ra1 27. Rg3 g6 28. Nxe6 Qe7 29. Nxf8 Nxf8 30. Qd4 Rb1 31. Nd6 Bc6 32. Qd3 Rc1 33. Qe3 Kh7 34. Qxc1 1-0


[Site "https://www.chess.com"]

[Event "Titled Tuesday Blitz December 7 2021"]
[White "Yoo, Christopher Woojin"]
[Black "Khoroshev, Nikita"]
[WhiteFideId "30909694"]
[BlackFideId "14200287"]
[WhiteElo "2105"]
[BlackElo "2354"]
[Result "1-0"]
[Round "04"]
[TimeControl "180+1"]
[Date "2021.12.07"]
[WhiteClock "0:00:26"]
[BlackClock "0:00:02"]

1. e4 e5 2. Nf3 Nc6 3. Bb5 a6 4. Ba4 Nf6 5. d4 exd4 6. O-O Be7 7. e5 Ne4 8. Nxd4 O-O 9. Re1 Nc5 10. Bxc6 dxc6 11. Nc3 Ne6 12. Nf5 Bc5 13. Qg4 g6 14. Ne4 Nd4 15. Nf6+ Qxf6 16. exf6 Bxf5 17. Qh4 Rfe8 18. Be3 Re4 19. Qxe4 Bxe4 20. Bxd4 Bxd4 21. Rxe4 Bxf6 22. c3 Rd8 23. Kf1 h5 24. Ke2 Rd5 25. Rd1 Rb5 26. Rd2 Kf8 27. a4 Rd5 28. Rb4 b6 29. Rc4 Re5+ 30. Kd3 Re6 31. Re4 Rd6+ 32. Kc2 Rd5 33. Rc4 Rxd2+ 34. Kxd2 c5 35. b4 Be7 36. b5 a5 37. Re4 Bd6 38. g3 f5 39. Re2 Kf7 40. Kd3 Kf6 41. Kc4 Be5 42. f4 Bd6 43. Kd5 h4 44. Re6+ Kf7 45. Rxd6 cxd6 46. Kxd6 hxg3 47. hxg3 g5 48. c4 Kf6 49. Kd5 Kf7 50. Ke5 Kg6 51. Ke6 g4 52. Ke5 Kh6 53. Kxf5 Kh5 54. Ke6 1-0


[Site "https://www.chess.com"]

[Event "Titled Tuesday Blitz December 7 2021"]
[White "Zaichenko, Daria"]
[Black "Lin, Dachey"]
[WhiteFideId "4197453"]
[BlackFideId "2029650"]
[WhiteElo "2039"]
[BlackElo "2588"]
[Result "0-1"]
[Round "04"]
[TimeControl "180+1"]
[Date "2021.12.07"]
[WhiteClock "0:00:13"]
[BlackClock "0:00:48"]

1. e4 d5 2. exd5 Qxd5 3. Nc3 Qe5+ 4. Be2 Bg4 5. f3 Bf5 6. d4 Qa5 7. Bd2 c6 8. Bc4 Nf6 9. Nge2 h6 10. O-O e6 11. Nd5 Qd8 12. Nxf6+ Qxf6 13. Bf4 Nd7 14. Bd3 Be7 15. Bxf5 Qxf5 16. g4 Qa5 17. Ng3 O-O-O 18. Ne4 h5 19. g5 Qf5 20. Qd2 h4 21. Nd6+ Bxd6 22. Bxd6 Nb6 23. Bf4 Nc4 24. Qb4 Qxf4 25. Qxc4 Rxd4 26. Qc5 Rd2 27. Rf2 Rhd8 28. Qxa7 Rxf2 29. Qa8+ Kd7 30. Qxb7+ Ke8 31. Qxc6+ Kf8 32. Qc5+ Kg8 33. Qxf2 Rd2 34. Qxd2 Qxd2 35. a4 Qxc2 36. a5 Qxb2 37. Ra4 Qc1+ 38. Kg2 Qc2+ 39. Kh3 Qxa4 40. a6 Qxa6 41. g6 fxg6 42. f4 Qd3+ 43. Kg4 Qf5+ 44. Kxh4 Qxf4+ 45. Kh3 Qf3+ 46. Kh4 e5 47. h3 Qf4# 0-1


[Site "https://www.chess.com"]

[Event "Titled Tuesday Blitz December 7 2021"]
[White "Zhigalko, Sergei"]
[Black "Madaminov, Mukhiddin"]
[WhiteFideId "13502956"]
[BlackFideId "14210703"]
[WhiteElo "2662"]
[BlackElo "1916"]
[Result "0-1"]
[Round "04"]
[TimeControl "180+1"]
[Date "2021.12.07"]
[WhiteClock "0:00:01"]
[BlackClock "0:00:39"]

1. e4 e5 2. Nf3 Nc6 3. Bc4 Nf6 4. d3 h6 5. O-O d6 6. Nc3 g5 7. Be3 Bg7 8. a4 O-O 9. Ne2 d5 10. exd5 Nxd5 11. Ng3 Be6 12. Qe2 Re8 13. Rfe1 Nf4 14. Qf1 Bxc4 15. dxc4 e4 16. Nd2 Nb4 17. Ndxe4 Nxc2 18. Red1 Qc8 19. Rac1 Nb4 20. Bd4 Nc6 21. Bxg7 Kxg7 22. Qe1 Qe6 23. Qc3+ Qe5 24. Qc2 Rad8 25. Rxd8 Rxd8 26. h3 Nd4 27. Qb1 Nde2+ 28. Kh2 Nxc1 29. Qxc1 Ne2 30. Qc2 Nxg3 31. fxg3 Re8 32. Nf2 c6 33. Ng4 Qd4 34. Qf5 Re1 35. h4 Re4 36. Nf2 Re5 37. Qf3 Qe3 0-1


[Site "https://www.chess.com"]